 Dungeon Crawl Stone Soup version 0.31-a0-202-g547052bce9 (webtiles) character file.

Game seed: 13851132633347504416

964 Warped the Conjurer (level 7, -3/28 HPs)
             Began as a Felid Conjurer on June 27, 2023.
             Was a Follower of Dithmenos.
             Killed from afar by an electric eel (10 damage)
             ... with a bolt of electricity
             ... on level 5 of the Dungeon.
             The game lasted 00:24:40 (7297 turns).

Warped the Conjurer (Felid Conjurer)                Turns: 7297, Time: 00:24:41

Health: -3/28      AC:  2    Str:  5    XL:     7   Next: 93%
Magic:  16/16      EV: 18    Int: 20    God:    Dithmenos [*.....]
Gold:   336        SH:  0    Dex: 14    Spells: 1/17 levels left
                                        Lives:  0   Deaths: 2

rFire   . .          .
                       - Unarmed
rCold   + . .        (shield unavailable)
rNeg    . . .        (body armour unavailable)
rPois   .            (helmet unavailable)
rElec   .            (cloak unavailable)
rCorr   .            (gloves unavailable)
SInv    +            (boots unavailable)
Will    +....        (no amulet)
Stlth   +++          k - ring of protection from cold
HPRegen 0.24/turn    (no ring)
MPRegen 0.15/turn

%: no passive effects
@: wreathed by umbra, unable to read, quick
A: very small, claws 1, fangs 3, see invisible, speed 1, shaggy fur 2, stealthy
paws, no weapons or thrown items, no armour, multi-lived, inability to read
after injury 2
a: Renounce Religion


You were on level 5 of the Dungeon.
You worshipped Dithmenos.
Dithmenos was aware of your devotion.
You visited 1 branch of the dungeon, and saw 5 of its levels.

You collected 336 gold pieces.

Inventory:

Jewellery
 d - an amulet of magic regeneration
 i - a ring of resist corrosion
 k - a ring of protection from cold (left paw)
Wands
 g - a wand of digging (2)
Scrolls
 c - a scroll of identify
 f - a scroll of blinking
 h - 2 scrolls of fog
 l - a scroll of fear
Potions
 a - a potion of brilliance
 b - a potion of magic
 e - a potion of haste
 j - a potion of might
 o - a potion of resistance


   Skills:
 - Level 1.1 Fighting
 - Level 4.0 Dodging
 - Level 4.3 Stealth
 - Level 2.1 Unarmed Combat
 * Level 5.5 Spellcasting
 + Level 6.4 Conjurations
 - Level 5.0 Hexes
 + Level 2.6 Summonings
 + Level 5.6 Translocations
 + Level 2.3 Invocations


You had one spell level left.
You knew the following spells:

 Your Spells              Type           Power      Damage    Failure   Level
a - Magic Dart            Conj           100%       1d8       1%          1
b - Searing Ray           Conj           62%        2d6       1%          2
d - Iskenderun's Mystic   Conj/Tloc      29%        2d7       9%          4
e - Call Canine Familiar  Summ           15%        N/A       12%         3
f - Dazzling Flash        Conj/Hex       56%        N/A       3%          3
g - Summon Guardian Gole  Hex/Summ       20%        N/A       7%          3

Your spell library contained the following spells:

 Spells                   Type           Power      Damage    Failure   Level
 Summon Small Mammal      Summ           60%        N/A       3%          1
 Lesser Beckoning         Tloc           56%        N/A       1%          2
 Gell's Gravitas          Tloc           28%        N/A       3%          3
 Teleport Other           Tloc           28%        N/A       3%          3
 Fulminant Prism          Conj/Hex       14%        3d8       11%         4
 Orb of Destruction       Conj           15%        9d7       100%        7
 Spellforged Servitor     Conj/Summ      11%        N/A       100%        7


Dungeon Overview and Level Annotations

Branches:
Dungeon (5/15)
 Temple: D:4-7

Altars:
Dithmenos
Hepliaklqana
Trog

Shops:
D:4 [

Annotations:
D:3 2 transporters, TrayleKats's ghost, amateur NaWr


Innate Abilities, Weirdness & Mutations

You have sharp claws.
You have razor-sharp teeth.
You have supernaturally acute eyesight. (SInv)
You cover ground quickly. (Speed+)
You are covered in thick fur. (AC +2)
Your paws help you pounce on unaware monsters.
You are incapable of wielding weapons or throwing items.
You cannot wear armour.
You gain extra lives every three experience levels.
You sometimes lose the ability to read scrolls when taking damage.


Message History

Dithmenos accepts your kill.
Unknown command.
You see here 2 stones.
m - a dark potion A nearby plant withers and dies.
You now have 336 gold pieces (gained 11).
You start resting.
Magic restored.
You start to feel less resistant.
Your resistance to elements expires.
HP restored.
You enter the shallow water.
Moving in this stuff is going to be slow.
There is an open door here.
You enter the shallow water.
Moving in this stuff is going to be slow.
Things that are here:
a +0 falchion; a +0 robe You see here the felid skeleton of Warped.
There are monsters nearby!
Casting: Iskenderun's Mystic Blast (quite dangerous; 9% risk of failure)
Confirm with . or Enter, or press ? or * to list all spells.
Okay, then.
Okay, then.
As you read the scroll of identify, it crumbles to dust.
m - a potion of mutation Really quaff the potion of mutation?
You feel extremely strange.
You occasionally lose the ability to read scrolls when taking damage.
You lose the ability to read scrolls when taking damage more often.
You see here the felid skeleton of Warped.
There is an open door here.
The electric eel shoots out a bolt of lightning at you!
The bolt of electricity hits you!
The electric eel shoots out a bolt of lightning at you!
The bolt of electricity hits you!
You feel threatened and lose the ability to read scrolls!
* * * LOW HITPOINT WARNING * * *
The bolt of electricity hits you!
You die...

....# ####### ####....#######.##
....# ##~~...###.......# ##....#
....###~####.~~######.####..####
....##.##..'##)~...##......######
....##.#.....#####÷.####>...(....
....##.#.....##..'### ##########
....##~#....~#.....# #....
....##~#.~~~~#.....# #....
....##~#~.(..#P.@PP# #....
....##~#≈≈.≈≈#$S~P.# #....
######~##≈≈≈##S.?~(# #....
##~######≈S(≈≈# #....
##..)~~##≈≈≈### #....
######~#####.## #...[
##~~..'..########....
######........).....
###############


You could see 3 electric eels.

Vanquished Creatures
  Sigmund (D:2)
  An ice beast (D:5)
  A sky beast (D:5)
  3 black bears
  An ogre (D:5)
  A phantom (D:5)
  A scorpion (D:5)
  A wight (D:5)
  3 electric eels (D:5)
  A nameless horror (D:4)
  2 jellies
  3 orc priests
  Crazy Yiuf (D:4)
  A gnoll bouda (D:4)
  An iguana (D:4)
  Jessica (D:2)
  Ijyb (D:5)
  A sleepcap (D:4)
  5 orc wizards
  Robin (D:3)
  10 adders
  8 gnolls
  2 ufetubi (D:5)
  A worm (D:3)
  4 dart slugs
  13 orcs
  2 endoplasms
  2 giant cockroaches
  12 goblins
  8 hobgoblins
  2 quokkas
  16 ball pythons
  4 bats
  3 frilled lizards (D:2)
  4 kobolds
  9 rats
131 creatures vanquished.

Vanquished Creatures (collateral kills)
  A hound (D:5)
  A sleepcap (D:4)
  An iguana (D:4)
  2 orcs (D:4)
  2 ball pythons (D:4)
  An endoplasm (D:4)
  A giant cockroach (D:4)
  A goblin (D:4)
  A kobold (D:4)
  A quokka (D:4)
12 creatures vanquished.

Grand Total: 143 creatures vanquished

Notes
Turn   | Place    | Note
-------+----------+-------------------------------------------
     0 | D:1      | Warped the Felid Conjurer began the quest for the Orb.
     0 | D:1      | Reached XP level 1. HP: 7/7 MP: 4/4
   414 | D:1      | Reached XP level 2. HP: 12/12 MP: 0/6
   894 | D:2      | Learned a level 2 spell: Searing Ray
   967 | D:2      | Reached skill level 1 in Unarmed Combat
   967 | D:2      | Reached XP level 3. HP: 15/15 MP: 0/7
  1046 | D:2      | Learned a level 3 spell: Dazzling Flash
  1173 | D:2      | Reached skill level 1 in Fighting
  1239 | D:2      | Noticed Sigmund
  1490 | D:2      | Found a faded altar of an unknown god.
  1557 | D:2      | Noticed Jessica
  1559 | D:2      | Killed Jessica
  1560 | D:2      | Reached skill level 1 in Hexes
  1560 | D:2      | Reached XP level 4. HP: 19/19 MP: 4/9
  1681 | D:2      | Reached skill level 4 in Conjurations
  1837 | D:2      | Killed from afar by Sigmund
  1838 | D:2      | Reached XP level 3. HP: -2/15 MP: 0/8
  1853 | D:2      | Killed Sigmund
  1854 | D:2      | Reached XP level 4. HP: 19/19 MP: 8/10
  1854 | D:2      | Reached XP level 5. HP: 22/22 MP: 8/11
  1859 | D:2      | Learned a level 4 spell: Iskenderun's Mystic Blast
  2531 | D:3      | Noticed Robin
  2684 | D:3      | Reached skill level 1 in Translocations
  2684 | D:3      | Gained mutation: You are covered in thick fur. (AC +2)
                  | [Felid growth]
  2684 | D:3      | Reached XP level 6. HP: 25/25 MP: 4/12
  3001 | D:3      | Found a transporter.
  3010 | D:3      | Noticed TrayleKats's ghost (amateur NaWr)
  3012 | D:3      | Found a transporter.
  3234 | D:3      | Killed Robin
  3492 | D:4      | You fall into a shaft and drop 1 floor!
  3492 | D:5      | Entered Level 5 of the Dungeon
  3508 | D:5      | Noticed Ijyb
  3530 | D:5      | Killed Ijyb
  3601 | D:5      | Noticed a sky beast
  3696 | D:5      | Killed a sky beast
  3697 | D:5      | Reached XP level 7. HP: 10/28 MP: 2/13
  3814 | D:5      | Found a hazy altar of Hepliaklqana.
  3849 | D:5      | Reached skill level 5 in Conjurations
  4242 | D:5      | Identified a scroll of acquirement
  4242 | D:5      | Acquired a book of Callings
  4248 | D:5      | Learned a level 3 spell: Call Canine Familiar
  4445 | D:5      | Found a bloodstained altar of Trog.
  4619 | D:4      | Found a shadowy altar of Dithmenos.
  4683 | D:4      | Became a worshipper of Dithmenos the Shadowed
  4843 | D:4      | Reached XP level 8. HP: 32/32 MP: 11/15
  4875 | D:4      | Reached skill level 5 in Hexes
  4877 | D:4      | Reached skill level 1 in Summonings
  5056 | D:4      | Found the +8 trident of the Octopus King {venom, rElec
                  | rPois}
  5162 | D:4      | Reached skill level 6 in Conjurations
  5462 | D:4      | Reached skill level 1 in Invocations
  5544 | D:4      | Found Ruoty's Antique Armour Boutique.
  5565 | D:4      | Reached * piety under Dithmenos
  5959 | D:4      | Found a runed translucent door.
  5960 | D:4      | Noticed Crazy Yiuf
  6214 | D:4      | Reached skill level 5 in Translocations
  6395 | D:4      | Killed Crazy Yiuf
  6396 | D:4      | Reached skill level 5 in Spellcasting
  6517 | D:5      | Learned a level 3 spell: Summon Guardian Golem
  7031 | D:5      | Killed from afar by an electric eel
  7032 | D:5      | Reached XP level 7. HP: -7/28 MP: 13/16
  7292 | D:5      | Gained mutation: You occasionally lose the ability to read
                  | scrolls when taking damage. [potion of mutation]
  7292 | D:5      | Gained mutation: You sometimes lose the ability to read
                  | scrolls when taking damage. [potion of mutation]
  7297 | D:5      | Killed from afar by an electric eel

Illustrated notes

Levels and vault maps discovered:
D:1:      mushboom_english_gardens, layout_loops_ring, serial_forest,
          infiniplex_forest_lined_4_way, infiniplex_forest_clump_curved,
          infiniplex_forest_lined_room_2, infiniplex_forest_3_way,
          infiniplex_forest_end_double, infiniplex_forest_fountain
D:2:      minmay_spotlight, layout_basic,
          hellmonk_ecumenical_altar_inner_sanctum, kennysheep_cross_bottleneck,
          corexii_item_surrounded_by_moat, uniq_jessica, uniq_sigmund
D:3:      layout_loops_corners, gammafunk_ghost_arena, uniq_robin
D:4:      layout_loops_ring, grunt_dithmenos_smoke, serial_shops, shop,
          minmay_joined_circles, uniq_crazy_yiuf_cottage
D:5:      cheibrodos_two_vegetables, layout_basic, mainiacjoe_overflow_catwalk,
          mainiacjoe_overflow_brackets, uniq_ijyb

Skill      XL: |  1  2  3  4  5  6  7  8 |
---------------+-------------------------+-----
Dodging        | 3 4 |  4.0
Stealth        | 3 4 |  4.3
Unarmed Combat | 1 2 |  2.1
Fighting       | 1 |  1.1
Hexes          | 2 3 4 5 |  5.0
Conjurations   | 4 5 6 |  6.4
Spellcasting   | 3 4 5 |  5.5
Translocations | 1 2 4 5 |  5.6
Summonings     | 2 |  2.6
Invocations    | 2 |  2.3

Action                     |  1- 3 |  4- 6 |  7- 9 || total
---------------------------+-------+-------+-------++-------
  Melee: Unarmed           |    20 |    20 |    45 ||    85
         Bite              |       |     2 |     5 ||     7
         Punch             |       |       |     2 ||     2
   Cast: Magic Dart        |    48 |    61 |    34 ||   143
         Searing Ray       |     5 |    21 |    39 ||    65
         Dazzling Flash    |       |     1 |     1 ||     2
         Call Canine Famil |       |       |     9 ||     9
         Iskenderun's Myst |       |       |     4 ||     4
         Summon Guardian G |       |       |     1 ||     1
    Use: Scroll            |     1 |     2 |    12 ||    15
         Potion            |       |     5 |     5 ||    10
   Stab: Sleeping          |       |     2 |     3 ||     5
 Armour: Skin              |     2 |     1 |     1 ||     4
  Dodge: Dodged            |    17 |    39 |    96 ||   152

Table legend: (Time is in decaauts)
 A = Elapsed time spent in this place.
 B = Non-inter-level travel time spent in this place.
 C = Inter-level travel time spent in this place.
 D = Time resting spent in this place.
 E = Time spent auto-exploring this place.
 F = Levels seen in this place.
 G = Mean time per level.
                   A        B        C        D        E       F      G
               +--------+--------+--------+--------+--------+-----+--------+
         Total |   6533 |   6444 |     89 |    657 |   4528 |   5 | 1306.6 |
       Dungeon |   6533 |   6444 |     89 |    657 |   4528 |   5 | 1306.6 |
               +--------+--------+--------+--------+--------+-----+--------+

Top non-repeatable levels by time:
     D:5: 1812 daAuts
     D:4: 1631 daAuts
     D:3: 1339 daAuts
     D:2: 1052 daAuts
     D:1: 697 daAuts
